K2, neutral male human Wizard ---------- |........| |..<.....| |........| |........| +........| ----.----- # #################I%### # # K2 the Conjurer Experience level: 3 Strength: 12 Dexterity: 15 Constitution: 10 Intelligence: 18 Wisdom: 11 Charisma: 8 Health: 0(26) Energy: 28(28) Def: 4 Gold: 212 Moves: 1281 Dungeon seed: r92q6-gbqcJuwvmI Game ID: K2_1475423211 Your Inventory: Coins $ - 212 gold pieces Weapons a - an uncursed +0 dagger (weapon in hand) Armor A - an uncursed +0 cloak of magic resistance (being worn) B - an uncursed +0 studded leather armor (being worn) Comestibles s - an uncursed egg Scrolls i - an uncursed scroll of enchant armor j - an uncursed scroll of teleportation o - an uncursed scroll of scare monster R - an uncursed scroll of amnesia Spellbooks u - a blessed spellbook of force bolt P - an uncursed spellbook of sleep Potions f - an uncursed potion of blindness g - an uncursed potion of fruit juice h - an uncursed potion of booze r - a blessed potion of booze t - a cursed potion of booze v - a cursed potion of monster detection Rings c - an uncursed ring of shock resistance d - an uncursed ring of fire resistance Wands b - an uncursed wand of light (0:13) Tools k - an uncursed lock pick l - an uncursed brass lantern (0:1301) m - an uncursed mirror n - an uncursed blindfold Spells and supernatural/magical abilities: Name Level Category Fail Memory a - force bolt 1 attack 0% 94% z - sleep 1 enchantment 0% 94% W - pray for help -- divine ? -- Your skills at the end: Fighting Skills wands [Basic] Weapon Skills quarterstaff [Basic] Spellcasting Skills attack spells [Basic] enchantment spells [Basic] Final Attributes: You were piously aligned. You were magic-protected. You were blinded. You are dead. Vanquished creatures: an acid blob a gas spore a hobbit a giant rat a gnome zombie 2 geckos 4 jackals 2 kobolds a goblin 2 grid bugs 2 kobold zombies 4 newts 22 creatures vanquished. Voluntary challenges: You used a wielded weapon 32 times, starting on turn 234. You read items or engraved 6 times, starting on turn 19. You never genocided any monsters. You never polymorphed an object. You never changed form. You used no wishes. You never split a pudding. You never wrote Elbereth's name. You never violated your personal moral code. You abstained from Elbereth's help. Dungeon overview: The Dungeons of Doom: levels 1 to 4 Level 1 a fountain a long staircase Level 2 a long staircase Level 3 a scroll shop, an altar to Thoth, a fountain Level 4 <- You were here History has recorded: On T:1 you entered the Dungeons of Doom to retrieve the Amulet of Yendor! On T:330 you reached level 2 of The Dungeons of Doom. On T:620 you reached level 3 of The Dungeons of Doom. On T:833 you advanced to experience level 2. On T:1098 you advanced to experience level 3. On T:1235 you reached level 4 of The Dungeons of Doom. Score breakdown: Gold: 212 ( 7920 points) Experience: 3 levels ( 7878 points) Exploration: 4 levels ( 8.00%) ( 7423 points) Discoveries: 7 items ( 2.41%) ( 4660 points) Valuables value: (no points given unless you survive) Artifact value: 0 ( 0 points) Variety of kills: 12 monsters ( 3.13%) ( 5310 points) Turncount: 1281 turns ( 0 points) Survival: died (score multiplied by 80%) Total score: 26552 Latest messages: The kobold hits! You kill the kobold! The door opens. Wizard needs food, badly! $ - 69 gold pieces. You feel too weak from hunger to explore. The gecko bites! (2x) You hit the gecko. The gecko misses. You hit the gecko. You miss the gecko. The gecko bites! You hit the gecko. (2x) The gecko just misses! You hit the gecko. You kill the gecko! You see here a gecko corpse. The giant rat bites! You miss the giant rat. (2x) The giant rat bites! You are too hungry to cast that spell. You faint from lack of food. It bites! (5x) You die... Final status: Goodbye K2 the Wizard, killed by a giant rat, while fainted from lack of food... You died in The Dungeons of Doom on dungeon level 4 with 26552 points, and 212 pieces of gold, after 1281 moves. You were level 3 with a maximum of 26 hit points when you died.